 Dungeon Crawl Stone Soup version 0.25.1-2-g60ff931df9 (webtiles) character file.

Game seed: 13780999341986109075

375 MenacingMecha the Firebug (level 6, -3/45 HPs)
             Began as a Hill Orc Fire Elementalist on Nov 11, 2020.
             Was an Initiate of Okawaru.
             Slain by an orc wizard
             ... wielding a +0 dagger
              (5 damage)
             ... on level 3 of the Dungeon.
             The game lasted 00:17:53 (5943 turns).

MenacingMecha the Firebug (HOFE)                    Turns: 5943, Time: 00:17:53

Health: -3/45      AC:  5    Str: 12    XL:     6   Next: 72%
Magic:  4/9        EV: 12    Int: 16    God:    Okawaru [......]
Gold:   153        SH:  0    Dex: 11    Spells: 5/9 levels left

rFire    . . .     SeeInvis .   a - +2 trident (flame)
rCold    . . .     Gourm    .   (no shield)
rNeg     + . .     Faith    .   t - +0 robe
rPois    .         Spirit   .   F - +0 helmet
rElec    .         Reflect  .   (no cloak)
rCorr    .         Harm     .   (no gloves)
MR       .....                  l - +1 pair of boots
Stlth    ++........             o - amulet of inaccuracy (curse)
HPRegen  0.15/turn              q - ring of flight
MPRegen  0.11/turn              k - ring of positive energy

@: no status effects
A: no striking features
a: Renounce Religion, Evoke Flight


You were on level 3 of the Dungeon.
You worshipped Okawaru.
Okawaru was noncommittal.
You were near starving.

You visited 2 branches of the dungeon, and saw 5 of its levels.

You collected 153 gold pieces.

Inventory:

Hand Weapons
 a - a +2 trident of flaming (weapon)
 b - a +0 hunting sling
 e - a +0 club
 f - a +0 dagger
 r - a +0 hand axe
Missiles
 d - 52 stones (quivered)
 v - a throwing net
Armour
 l - a +1 pair of boots (worn)
 n - a +2 kite shield
 t - a +0 robe (worn)
 F - a +0 helmet (worn)
Jewellery
 k - a ring of positive energy (right hand)
 o - a cursed amulet of inaccuracy (around neck)
 q - a ring of flight (left hand)
 s - an uncursed amulet of guardian spirit {unknown}
Wands
 C - a wand of flame (17)
 I - a wand of polymorph (9)
Scrolls
 u - 2 scrolls of identify
 w - a scroll of teleportation
 y - a scroll of enchant armour {unknown}
 A - 3 scrolls of magic mapping
 B - a scroll of fear {unknown}
 H - 2 scrolls of blinking {unknown}
 J - a scroll of remove curse {unknown}
Potions
 h - a potion of curing
 i - 4 potions of flight
 m - a potion of magic {unknown}
 p - a potion of invisibility {unknown}
 x - a potion of stabbing {unknown}
 z - a potion of haste
 D - a potion of degeneration {unknown}
 E - a potion of might {unknown}
 G - a potion of brilliance {unknown}
Comestibles
 c - 6 rations


   Skills:
 - Level 1.5 Dodging
 - Level 1.5 Stealth
 - Level 2.4 Spellcasting
 + Level 4.3 Conjurations
 + Level 5.8 Fire Magic


You had 5 spell levels left.
You knew the following spells:

 Your Spells              Type           Power        Failure   Level  Hunger
a - Foxfire               Conj/Fire      ###.         2%          1    #......
b - Conjure Flame         Conj/Fire      ###.....     8%          3    ###....

Your spell library contained the following spells:

 Spells                   Type           Power        Failure   Level  Hunger
 Inner Flame              Hex/Fire       ##......     19%         3    ###....
 Sticky Flame             Conj/Fire      ###.....     24%         4    #####..
 Fireball                 Conj/Fire      ###.......   56%         5    ######.


Dungeon Overview and Level Annotations

Branches:
Dungeon (4/15)             Temple (1/1) D:4

Altars:
Ashenzari
Cheibriados
Dithmenos
Fedhas
Gozag
Hepliaklqana
Nemelex Xobeh
Okawaru
Qazlal
Ru
Uskayaw
Vehumet
Wu Jian
Xom
Yredelemnul
Zin
The Shining One

Annotations:
D:1 exclusion: downstairs
D:2 exclusions: worker ant and 2 more exclusions, Sigmund
D:4 2 transporters, Blork the orc; Robin; othur's ghost, amateur GrFi


Message History

The goblin misses you. The goblin barely misses you.
There is a stone staircase leading down here.
You closely miss the goblin. The orc closely misses you.
You hear some strange, mumbled words.
A magic dart appears from out of thin air!
Deactivating autopickup; reactivate with Ctrl-A.
The magic dart hits you!
* * * LOW HITPOINT WARNING * * *
The goblin hits you with a +0 dagger.
* * * LOW HITPOINT WARNING * * *
You closely miss something. The orc hits you.
* * * LOW HITPOINT WARNING * * *
Something hits you.
* * * LOW HITPOINT WARNING * * *
The goblin hits you but does no damage. The orc closely misses you.
Unknown command.
Casting: Foxfire (safe; 2% risk of failure)
Confirm with . or Enter, or press ? or * to list all spells.
You conjure some foxfire!
Something hits you.
You die...

#.#######.# #########.# #.#
#.......#.# #.# #..###..#.#
#.# #.## ##.#.##### #.#
####### #.# #..#....# #.#
#...... #.##
##.#.#.#.###.###.#####
#..###..#g#{............# #
#.......#.@v..........#.# #
###..####.vo#.###.#####.###
#.## #...#.....)..##....
#.# #.........##.#####. #.#
##..##.#####.# ##.#
#.######..##.# #.# #.##
#............# #.# ##.#
#.##.....###.# #.# ##.
#.##รท.#### #.# #.## #..


You could see an orc and a goblin.

Vanquished Creatures
  A howler monkey (D:4)
  A hound (D:4)
  An orc priest (D:4)
  An orc wizard (D:4)
  An iguana (D:4)
  2 worker ants (D:4)
  A hound skeleton (D:4)
  7 adders
  A worm (D:3)
  A dart slug (D:2)
  2 leopard geckos
  4 orcs
  2 ball pythons
  5 giant cockroaches
  17 goblins
  10 hobgoblins
  6 jackals (D:1)
  2 quokkas
  8 bats
  6 frilled lizards
  5 kobolds
  6 rats
90 creatures vanquished.

Vanquished Creatures (others)
  176 foxfires
176 creatures vanquished.

Grand Total: 266 creatures vanquished

Notes
Turn   | Place    | Note
-------+----------+-------------------------------------------
     0 | D:1      | MenacingMecha the Hill Orc Fire Elementalist began the
                  | quest for the Orb.
     0 | D:1      | Reached XP level 1. HP: 14/14 MP: 3/3
   197 | D:1      | Reached XP level 2. HP: 15/20 MP: 0/4
   492 | D:1      | Found a shattered altar of Ashenzari.
  1234 | D:1      | Reached XP level 3. HP: 26/26 MP: 3/6
  1352 | D:1      | Learned a level 3 spell: Conjure Flame
  2050 | D:2      | Reached skill level 4 in Fire Magic
  2301 | D:2      | Reached XP level 4. HP: 33/33 MP: 2/7
  2526 | D:2      | Noticed Sigmund
  3753 | D:3      | Reached XP level 5. HP: 38/38 MP: 4/8
  3840 | D:3      | Found a sparkling altar of Nemelex Xobeh.
  4269 | D:4      | Found a transporter.
  4269 | D:4      | Found a transporter.
  4269 | D:4      | Noticed othur's ghost (amateur GrFi)
  4431 | D:4      | Noticed Robin
  4452 | D:4      | Found a staircase to the Ecumenical Temple.
  4468 | D:4      | Noticed Blork the orc
  4490 | Temple   | Entered the Ecumenical Temple
  4651 | Temple   | Became a worshipper of Warmaster Okawaru
  5066 | D:4      | Reached skill level 5 in Fire Magic
  5115 | D:4      | Reached XP level 6. HP: 45/45 MP: 4/9
  5697 | D:4      | Found a radiant altar of Vehumet.
  5942 | D:3      | HP: 2/45 [something (6)]
  5943 | D:3      | Slain by an orc wizard

Illustrated notes

Levels and vault maps discovered:
D:1:      dpeg_arrival_radiant, layout_basic, evilmike_ruin_ashenzari
D:2:      layout_loops_ring, uniq_sigmund
D:3:      layout_loops_ring, nemelex_spade_bored_becter
D:4:      layout_basic, minmay_temple_entry_overgrown, first_ration,
          gammafunk_ghost_arena, vehumet_altar_wand_db, uniq_blork_the_orc,
          uniq_robin
Temple:   regret_index_temple_sphere_string

Skill      XL: |  1  2  3  4  5  6 |
---------------+-------------------+-----
Spellcasting   | 2 |  2.4
Conjurations   | 2 3 4 |  4.3
Fire Magic     | 4 5 |  5.8
Dodging        | |  1.5
Stealth        | |  1.5

Action                   |  1- 3 |  4- 6 || total
-------------------------+-------+-------++-------
Melee: Unarmed           |    17 |       ||    17
       Dagger            |    34 |     3 ||    37
       Trident           |       |   136 ||   136
       Hunting sling     |       |     2 ||     2
 Fire: Hunting sling     |    21 |    10 ||    31
Throw: Stone             |       |     2 ||     2
 Cast: Foxfire           |    34 |    88 ||   122
       Conjure Flame     |       |     3 ||     3
  Use: Scroll            |     3 |     1 ||     4
       Potion            |       |     4 ||     4
 Stab: Sleeping          |       |     5 ||     5
  Eat: Chunk             |     5 |    11 ||    16
Armor: Robe              |     7 |    42 ||    49
       Skin              |       |    22 ||    22
Dodge: Dodged            |    51 |   104 ||   155
